AoeStats
← τττArena Only

Arena

508014168Analyzed
4v4 RM · 13d ago on Sep 20, 2026· 39m 3s· 8 players
Game mode
Random Map
Map size
Large (8 player)
Population
200
Speed
Normal
Resources
Standard
Victory
Conquest
Starting age
Dark Age
Ending age
Imperial Age
RankedLock teamsTeams togetherTeam positionsShared explorationLock speedFull tech treeHidden civsTurbo modeCheats
Victory
Defeat
🇨🇭 Muisca · Switzerland
1416
+13
🇨🇴 Franks · Colombia
1415
+13
🇭🇰 Khmer · Hong Kong SAR China
1397
+14
🇧🇷 Teutons · Brazil
1396
+14
🇨🇳 Burgundians · China
1366
-14
🇨🇳 Chinese · China
1365
-14
🇹🇼 Byzantines · Taiwan
1351
-13
🇦🇷 Spanish · Argentina
1344
-13
THE CID
11:34 Feudal Age
15:10 Castle Age
13:12 Double-Bit Axe
17:18 Bow Saw
22:05 Wheelbarrow
23:20 Loom
26:47 Imperial Age
24:16 Loom
25:18 Hand Cart
27:21 Scale Barding Armor
27:50 Fletching
28:29 Bodkin Arrow
27:56 Cavalier
28:59 Husbandry
32:10 Chain Barding Armor
32:27 Forging
34:42 Scale Mail Armor
36:03 Paladin
38:06 Plate Barding Armor
38:04 Chain Mail Armor
38:47 #83
38:35 Padded Archer Armor
Hakka1_90
2:51 Loom
8:33 Feudal Age
14:21 Fletching
20:28 Wheelbarrow
20:29 Double-Bit Axe
25:51 Castle Age
27:54 Bow Saw
28:32 Guard Tower
31:49 Imperial Age
30:11 Bodkin Arrow
30:16 Padded Archer Armor
33:12 Hand Cart
33:59 Two-Man Saw
32:41 Horse Collar
JAxys
9:56 Feudal Age
13:40 Castle Age
12:44 Double-Bit Axe
14:22 Loom
14:42 Horse Collar
20:21 Champi Runner
23:15 Scale Mail Armor
24:29 Forging
25:27 Heavy Plow
29:39 Imperial Age
27:59 Champi Warrior
29:10 Chain Mail Armor
30:41 Elite Champi Warrior
31:02 Capped Ram
34:27 Plate Mail Armor
38:24 Wheelbarrow
YMK414
10:50 Feudal Age
15:03 Castle Age
13:12 Double-Bit Axe
13:50 Gold Mining
13:55 Horse Collar
17:58 Bow Saw
21:34 Wheelbarrow
23:27 Scale Barding Armor
27:04 Fletching
27:27 Forging
28:12 Hand Cart
28:33 Bloodlines
29:15 Gold Shaft Mining
30:28 Chain Barding Armor
30:44 Iron Casting
34:25 Imperial Age
32:15 Stone Mining
33:07 Husbandry
35:10 Stone Shaft Mining
35:18 Scale Mail Armor
34:49 Cavalier
36:43 Plate Barding Armor
37:11 Loom
39:40 Blast Furnace
勇敢牛牛
3:23 Double-Bit Axe
9:00 Feudal Age
10:16 Bow Saw
18:13 Castle Age
20:10 Two-Man Saw
19:41 Loom
22:34 Wheelbarrow
24:01 Scale Barding Armor
24:07 Forging
23:59 Husbandry
25:44 Chain Barding Armor
29:55 Devotion
31:00 Fletching
33:43 Imperial Age
31:10 Cavalier
33:15 Iron Casting
33:48 Paladin
35:35 Plate Barding Armor
36:59 Blast Furnace
36:39 Conscription
39:19 Hand Cart
Cabelord
5:34 Loom
11:31 Feudal Age
15:30 Castle Age
13:30 Double-Bit Axe
16:04 Scale Barding Armor
17:13 Bloodlines
18:00 Chain Barding Armor
19:12 Forging
26:15 Husbandry
26:57 Iron Casting
28:17 Wheelbarrow
31:03 Horse Collar
32:51 Hand Cart
32:22 Town Watch
37:16 Bow Saw
36:58 Gold Mining
37:38 Squires
36:59 Pikeman
41:31 Imperial Age
τττArena Only
0:36 Loom
11:18 Feudal Age
15:01 Castle Age
14:05 Double-Bit Axe
14:02 Horse Collar
17:05 Heavy Plow
18:29 Bow Saw
19:37 Gold Mining
21:05 Wheelbarrow
21:29 Gold Shaft Mining
26:01 Imperial Age
23:53 Stone Mining
23:58 Fletching
25:21 Stone Shaft Mining
24:58 Padded Archer Armor
25:56 Bodkin Arrow
26:16 Leather Archer Armor
27:01 Bracer
29:33 Ring Archer Armor
30:07 Two-Man Saw
30:20 Chemistry
28:56 Pikeman
29:37 Squires
29:22 Arson
32:40 Ballistics
35:44 Masonry
36:57 Elite Chu Ko Nu
37:03 Halberdier
jay155047
11:03 Feudal Age
9:19 Loom
12:30 Fletching
25:21 Castle Age
26:14 Double-Bit Axe
Connection lost

Rejoining the realm…

Still unreachable

The connection could not be restored.

Session expired

The server has moved on; the page needs a fresh start.